 Dungeon Crawl Stone Soup version 0.22-a0-580-gd5db89c (webtiles) character file.

176 varam the Sneak (level 5, 0/33 HPs)
             Began as an Octopode Wizard on July 3, 2018.
             Slain by an orc priest
             ... wielding a +0 short sword
              (7 damage)
             ... on level 3 of the Dungeon.
             The game lasted 00:10:51 (3889 turns).

varam the Sneak (Octopode Wizard)                   Turns: 3889, Time: 00:10:52

Health: 0/33       AC:  2    Str:  6    XL:     5   Next: 56%
Magic:  1/9        EV: 13    Int: 22    God:
Gold:   143        SH:  5    Dex: 10    Spells: 2/10 levels left

rFire    . . .     SeeInvis .   (no weapon)
rCold    . . .     Gourm    .   (no shield)
rNeg     . . .     Faith    .   a - +1 hat
rPois    .         Spirit   .   j - +5 amulet of reflection
rElec    .         Reflect  +   k - ring of resist corrosion
rCorr    +         Harm     .   (no ring)
MR       .....                  (no ring)
Stlth    +++.......             (no ring)
HPRegen  0.11/turn              (no ring)
MPRegen  0.11/turn              (no ring)
                                (no ring)
                                (no ring)

@: very slightly contaminated
A: almost no armour, stealthy swim, amphibious, 8 rings, constrict 8, camouflage
1, gelatinous body 1
a: no special abilities


You were on level 3 of the Dungeon.
You were not hungry.

You visited 1 branch of the dungeon, and saw 4 of its levels.

You collected 143 gold pieces.

Inventory:

Hand Weapons
 b - a +0 blowgun
Missiles
 t - 5 curare-tipped needles
Armour
 a - a +1 hat (worn)
Jewellery
 j - a +5 amulet of reflection (around mantle)
 k - a ring of resist corrosion (left tentacle)
Scrolls
 g - a scroll of remove curse {unknown}
 i - a scroll of immolation {unknown}
 n - a scroll of random uselessness {unknown}
 p - 2 scrolls of enchant weapon
 r - 4 scrolls of identify
Potions
 c - a potion of flight {unknown}
 f - a potion of cancellation {unknown}
 h - a potion of haste {unknown}
 l - a potion of heal wounds {unknown}
 m - 2 potions of degeneration {unknown}
 o - 2 potions of resistance {unknown}
 q - a potion of curing
Comestibles
 e - 4 rations


   Skills:
 + Level 1.2 Fighting
 - Level 2.0 Dodging
 - Level 4.0 Stealth
 - Level 3.0 Spellcasting
 + Level 2.6 Conjurations
 - Level 2.1 Summonings
 - Level 2.0 Translocations
 + Level 1.3 Air Magic
 + Level 1.7 Poison Magic


You had 2 spell levels left.
You knew the following spells:

 Your Spells              Type           Power        Failure   Level  Hunger
a - Magic Dart            Conj           ###.         4%          1    None
b - Call Imp              Summ           ##......     8%          2    ##.....
c - Blink                 Tloc           N/A          9%          2    ##.....
d - Mephitic Cloud        Conj/Pois/Air  ##......     17%         3    ###....

Your spell library contained the following spells:

 Spells                   Type           Power        Failure   Level  Hunger
 Conjure Flame            Conj/Fire      #.......     22%         3    ###....
 Slow                     Hex            #.......     19%         2    ##.....


Dungeon Overview and Level Annotations

Branches:
Dungeon (4/15)
 Temple: D:4-7

Altars:
Hepliaklqana

Annotations:
D:2 Natasha, Robin


Innate Abilities, Weirdness & Mutations

You cannot wear most types of armour.
You are very stealthy in the water. (Stealth+)
You are amphibious.
You can wear up to eight rings at the same time.
You can use your tentacles to constrict eight enemies at once.
Your skin changes colour to match your surroundings (Stealth+).
Your rubbery body absorbs attacks. (AC +1, EV +1)


Message History

Press: ? - help, Dir - move target cursor, f/p - orc priest
Aim: an orc priest, wielding a short sword and wearing a chain mail (severely wounded)
Okay, then.
The orc priest invokes the aid of Beogh against you.
Beogh smites you!
* * * LOW HITPOINT WARNING * * *
Your shadow imp hits the orc priest but does no damage.
Found a short sword.
Casting: Magic Dart (safe; 4% risk of failure)
Confirm with . or Enter, or press ? or * to list all spells.
You don't have enough magic to cast that spell.
The orc priest hits your shadow imp with a short sword.
Your shadow imp barely misses the orc priest.
The hobgoblin says, "Why is everything spinning?"
You block the hobgoblin's attack.
You tentacle-slap the hobgoblin but do no damage.
You grab the hobgoblin.
You kill the hobgoblin!
The orc priest hits you with a short sword!
You die...

## #.. ..#... .. #.#
##....## #) #.#####.......
#.##.##........#
#.....5#......#
#.#.##...(#.# #.#####.#.#
#.#####o#.#####.#
#.......@.).....#
#########.#######
#........####
#.#######.#####.....##
#.......†.##.##...>..######
#####.....#...#....>......#
#................####.###
#.....#...#.....## #.#..
#.....##.#...§(## #.#.#


You could see an orc priest.

Vanquished Creatures
  A scorpion (D:4)
  An orc wizard (D:3)
  2 adders (D:2)
  An ooze (D:1)
  A dart slug (D:1)
  3 orcs
  A ball python (D:1)
  6 bats
  2 giant cockroaches
  7 goblins
  5 hobgoblins
  7 jackals
  3 frilled lizards (D:1)
  4 kobolds
  7 rats
51 creatures vanquished.

Vanquished Creatures (collateral kills)
  A worker ant (D:4)
  A goblin (D:2)
  A hobgoblin (D:2)
3 creatures vanquished.

Grand Total: 54 creatures vanquished

Notes
Turn   | Place    | Note
-------+----------+-------------------------------------------
     0 | D:1      | varam the Octopode Wizard began the quest for the Orb.
     0 | D:1      | Reached XP level 1. HP: 11/11 MP: 4/4
   134 | D:1      | Reached skill level 3 in Stealth
   186 | D:1      | Reached XP level 2. HP: 14/17 MP: 1/6
   285 | D:1      | Learned a level 2 spell: Blink
   288 | D:1      | Learned a level 2 spell: Call Imp
   876 | D:1      | Reached XP level 3. HP: 21/21 MP: 5/7
  1551 | D:2      | Learned a level 3 spell: Mephitic Cloud
  1565 | D:2      | Noticed Robin
  2269 | D:2      | Noticed Natasha
  2280 | D:3      | Reached skill level 4 in Stealth
  2280 | D:3      | Reached XP level 4. HP: 26/27 MP: 8/8
  2983 | D:4      | Reached skill level 1 in Air Magic
  2983 | D:4      | Reached skill level 1 in Poison Magic
  2983 | D:4      | Reached XP level 5. HP: 32/32 MP: 5/9
  3053 | D:4      | Found a hazy altar of Hepliaklqana.
  3601 | D:3      | Reached skill level 1 in Fighting
  3720 | D:4      | Noticed a phantom
  3889 | D:3      | Slain by an orc priest

Vault maps used:
D:1:      giann_forest_graveyard
D:2:      uniq_natasha, uniq_robin
D:3:      lemuel_round_altar, nicolae_overflow_crystal_walls, first_ration
D:4:      lemuel_coloured_pillars_altar

Skill      XL: |  1  2  3  4  5 |
---------------+----------------+-----
Stealth        | 3 4 |  4.0
Conjurations   | 2 |  2.6
Summonings     | 2 |  2.1
Translocations | 2 |  2.0
Air Magic      | 1 |  1.3
Poison Magic   | 1 |  1.7
Fighting       | 1 |  1.2
Dodging        | |  2.0
Spellcasting   | |  3.0

Action                   |  1- 3 |  4- 6 || total
-------------------------+-------+-------++-------
Melee: Unarmed           |    69 |    51 ||   120
       Constrict         |    15 |    14 ||    29
       Tentacles         |     5 |    10 ||    15
 Cast: Magic Dart        |    46 |    31 ||    77
       Call Imp          |     1 |     3 ||     4
       Blink             |     1 |     2 ||     3
       Mephitic Cloud    |       |     7 ||     7
  Use: Potion            |     1 |       ||     1
       Scroll            |       |     3 ||     3
 Stab: Sleeping          |     1 |     1 ||     2
       Confused          |       |     2 ||     2
  Eat: Chunk             |     4 |     6 ||    10
Armor: Skin              |    12 |     4 ||    16
Dodge: Dodged            |    62 |    26 ||    88
Block: Other             |       |    12 ||    12
       Reflection        |       |     1 ||     1

Table legend:
 A = Spawn XP
 B = Non-spawn XP
 C = Spawn XP percentage of total XP
 D = Spawn monster count
 E = Non-spawn monster count
 F = Spawn count percentage of total count
 G = Total turns spent on level
                    A         B        C        D         E        F      G
               +---------+---------+-------+---------+---------+-------+---------
         Total |       0 |     252 |   0.0 |       0 |      54 |   0.0 |  3889
               +---------+---------+-------+---------+---------+-------+---------
           D:1 |       0 |      42 |   0.0 |       0 |      23 |   0.0 |  1327
           D:2 |       0 |      44 |   0.0 |       0 |      13 |   0.0 |  1278
           D:3 |       0 |      58 |   0.0 |       0 |      11 |   0.0 |   598
           D:4 |       0 |     108 |   0.0 |       0 |       7 |   0.0 |   686
               +---------+---------+-------+---------+---------+-------+---------
